 Dungeon Crawl Stone Soup version 0.17-a0-2027-gcac42c4 (webtiles) character file.

6512 kae the Carver (level 10, -12/96 HPs)
             Began as a Minotaur Fighter on Oct 10, 2015.
             Was a Believer of Qazlal.
             Mangled by an ogre
             ... wielding a +0 giant club
              (19 damage)
             ... on level 8 of the Dungeon.
             The game lasted 00:12:16 (11476 turns).

kae the Carver (Minotaur Fighter)                  Turns: 11476, Time: 00:12:17

Health: -12/96     AC:  7    Str: 21    XL:     10   Next: 69%
Magic:  13/13      EV:  7    Int:  7    God:    Qazlal [**....]
Gold:   597        SH: 11    Dex:  8    Spells: 0 memorised, 9 levels left

rFire  . . .     SeeInvis .     a - +0 long sword
rCold  . . .     Clarity  .     b - +1 scale mail
rNeg   . . .     SustAt   .     c - +0 shield
rPois  .         Gourm    .     (helmet restricted)
rElec  .         Spirit   .     (no cloak)
rCorr  .         Warding  .     (no gloves)
rMut   .         Stasis   +     (no boots)
MR     .....                    n - amulet of stasis
Stlth  ..........               (no ring)
                                k - -3 ring of dexterity

@: not resistant to hostile enchantments, extremely unstealthy
A: retaliatory headbutt, horns 2
a: Upheaval, Renounce Religion


You were on level 8 of the Dungeon.
You worshipped Qazlal.
Qazlal was pleased with you.
You were not hungry.

You visited 2 branches of the dungeon, and saw 10 of its levels.
You also visited: Ossuary.

You collected 597 gold pieces.

Inventory:

Hand Weapons
 a - a +0 long sword (weapon)
Armour
 b - a +1 scale mail (worn)
 c - a +0 shield (worn)
Rods
 C - a cursed +1 rod of clouds (12/12)
   (You found it on level 8 of the Dungeon)
Jewellery
 k - a -3 ring of dexterity (left hand)
 l - an uncursed amulet of clarity
 n - an amulet of stasis (around neck)
 v - an uncursed ring of ice {unknown}
 y - an uncursed amulet of faith
Wands
 d - a wand of polymorph (12)
 f - a wand of disintegration (17)
 r - a wand of cold (7)
 w - a wand of teleportation (9)
 F - a wand of flame (26)
Scrolls
 g - 2 scrolls of fog
 h - a scroll of remove curse
 z - 2 scrolls of torment
 A - 5 scrolls of identify
 B - a scroll of teleportation
Potions
 j - 4 potions of flight
 m - a potion of might
 o - 2 potions of agility
 p - 2 potions of ambrosia
 u - 2 potions of cure mutation
 x - a potion of magic
 D - a potion of resistance
Books
 H - a book of Frost

   Spells                             Type                      Level
   a - Freeze                         Ice                          1
   b - Throw Frost                    Conjuration/Ice              2
   c - Ozocubu's Armour               Charms/Ice                   3
   d - Throw Icicle                   Conjuration/Ice              4
   e - Summon Ice Beast               Ice/Summoning                4
   f - Condensation Shield            Ice                          4
Comestibles
 e - 5 bread rations
 t - a royal jelly


   Skills:
 - Level 11.2 Fighting
 - Level 14.2 Long Blades
 - Level 3.6 Armour
 - Level 3.6 Shields
 + Level 5.6 Invocations


You had 9 spell levels left.
You didn't know any spells.

Dungeon Overview and Level Annotations

Branches:
Dungeon (9/15)             Temple (1/1) D:7
   Lair: D:8-11         Orc: D:9-12

Altars:
Ashenzari
Cheibriados
Dithmenos
Elyvilon
Fedhas
Gozag
Kikubaaqudgha
Makhleb
Nemelex Xobeh
Okawaru
Qazlal
Ru
Sif Muna
Trog
Vehumet
Xom
Yredelemnul
Zin
The Shining One

Shops:
D:8 *   D:9 }


Innate Abilities, Weirdness & Mutations

You reflexively headbutt those who attack you in melee.
You have a pair of horns on your head.


Message History

You slash the ogre! You headbutt the ogre.
The ogre is heavily wounded.
You hit the ogre.
The ogre is heavily wounded.
The river rat bites you but does no damage.
You block the ogre's attack.
You hit the ogre. You headbutt the ogre.
The ogre is heavily wounded.
The river rat bites you but does no damage.
The ogre hits you with a giant club!!
* * * LOW HITPOINT WARNING * * *
Your shield prevents you from hitting the ogre.
The ogre is heavily wounded.
The river rat closely misses you. You furiously retaliate!
You headbutt the river rat.
Unknown command.
You slash the ogre! Your headbutt misses the ogre.
The ogre is almost dead.
The ogre hits you with a giant club!!
You die...

#############
##...........#
.#...........#
.#...........#
.#...........#####
.+...........'.r@#
.#...........###O#
.#...........# #.#
.#...........# #.#
.#...........# #.#
.#########'### #.#
.## #.#####.#
..########.......#
#.#.....##..#.####


You could see an ogre and a river rat.

Vanquished Creatures
  A spiny frog (D:9)
  A troll (D:9)
  Sigmund (D:2)
  A deep elf mage (D:9)
  Menkaure (D:6)
  A hippogriff (D:5)
  A water moccasin (D:7)
  Duvessa (D:6)
  3 ice beasts
  A necrophage (D:4)
  3 orc warriors
  A black bear (D:8)
  3 centaurs
  5 ogres
  5 phantoms
  2 elf zombies (Ossuary)
  14 big kobolds
  2 giant frogs
  Dowan (D:6)
  3 killer bees
  4 scorpions
  4 wights
  A centaur zombie (D:6)
  3 crimson imps
  A human zombie (Ossuary)
  4 hounds
  3 orc priests
  Ijyb (D:2)
  A jelly (D:8)
  7 orc wizards
  3 centaur skeletons
  8 worker ants
  2 gnoll shamans (D:5)
  An iguana (D:4)
  A hell rat (D:9)
  2 big kobold zombies (Ossuary)
  4 mummies (Ossuary)
  2 worker ant zombies
  11 adders
  17 gnolls
  A river rat (D:9)
  A shadow imp (D:6)
  2 oozes
  An adder skeleton (D:8)
  4 adder zombies
  3 worms
  5 giant geckos
  25 orcs
  2 ball pythons
  8 bats
  2 bat zombies (D:5)
  5 giant cockroaches
  5 goblins
  10 hobgoblins
  5 jackals
  A giant cockroach zombie (D:5)
  4 giant newts
  A hobgoblin zombie (Ossuary)
  2 jackal skeletons (D:4)
  29 kobolds
  A kobold zombie (Ossuary)
  An orc zombie (Ossuary)
  5 quokkas
  4 rats
  A rat zombie (Ossuary)
259 creatures vanquished.

Notes
Turn   | Place    | Note
--------------------------------------------------------------
     0 | D:1      | kae the Minotaur Fighter began the quest for the Orb.
     0 | D:1      | Reached XP level 1. HP: 19/19 MP: 0/0
    69 | D:1      | Reached XP level 2. HP: 26/26 MP: 1/1
   460 | D:2      | Reached skill level 4 in Long Blades
   460 | D:2      | Reached XP level 3. HP: 31/31 MP: 2/2
   605 | D:2      | Noticed Ijyb
   625 | D:2      | Killed Ijyb
   625 | D:2      | Reached skill level 5 in Long Blades
   719 | D:2      | Noticed Sigmund
   778 | D:2      | Killed Sigmund
   778 | D:2      | Reached skill level 7 in Long Blades
   778 | D:2      | Reached XP level 4. HP: 11/39 MP: 3/3
   778 | D:2      | Reached XP level 5. HP: 12/45 MP: 4/4
  1293 | D:3      | Reached XP level 6. HP: 35/51 MP: 5/5
  1506 | D:3      | Reached skill level 8 in Long Blades
  2346 | D:4      | Reached skill level 9 in Long Blades
  2352 | D:4      | Found a sand-covered staircase.
  2359 | Ossuary  | Entered an ossuary
  2394 | Ossuary  | Reached XP level 7. HP: 43/57 MP: 6/6
  2417 | Ossuary  | HP: 1/57 [adder zombie (3)]
  2498 | Ossuary  | Reached skill level 10 in Long Blades
  3279 | D:4      | Reached skill level 11 in Long Blades
  3419 | D:4      | Reached XP level 8. HP: 51/64 MP: 7/7
  3858 | D:5      | Entered Level 5 of the Dungeon
  4032 | D:5      | Reached skill level 12 in Long Blades
  4769 | D:5      | Reached skill level 13 in Long Blades
  4998 | D:5      | Found an ancient bone altar of Kikubaaqudgha.
  5327 | D:6      | Noticed Menkaure
  5334 | D:6      | Reached XP level 9. HP: 53/70 MP: 8/8
  5341 | D:6      | Killed Menkaure
  5656 | D:6      | Found a white marble altar of Elyvilon.
  5701 | D:6      | Reached skill level 14 in Long Blades
  5973 | D:6      | Reached skill level 5 in Fighting
  5985 | D:6      | Noticed Duvessa
  5990 | D:6      | Noticed Dowan
  6008 | D:6      | Killed Duvessa
  6026 | D:6      | Killed Dowan
  6288 | D:6      | Found a shadowy altar of Dithmenos.
  6290 | D:6      | Found a bloodstained altar of Trog.
  6399 | D:6      | Found a shattered altar of Ashenzari.
  6598 | D:7      | Found an iron altar of Okawaru.
  7504 | D:7      | Found a staircase to the Ecumenical Temple.
  7513 | Temple   | Entered the Ecumenical Temple
  7905 | Temple   | Became a worshipper of Qazlal Stormbringer
  8349 | D:8      | Reached XP level 10. HP: 90/92 MP: 9/9
  8513 | D:8      | Reached skill level 10 in Fighting
  8741 | D:8      | Found an opulent altar of Gozag.
  8934 | D:8      | Acquired Qazlal's first power
  9433 | D:8      | Found Gozag's Platinum Reserve.
  9676 | D:8      | Reached skill level 1 in Invocations
 10281 | D:9      | Found Qibown's Gadget Shoppe.
 10356 | D:9      | HP: 2/96 [spiny frog (7)]
 11208 | D:9      | Acquired Qazlal's second power
 11232 | D:9      | Reached skill level 5 in Invocations
 11476 | D:8      | Mangled by an ogre

Vault maps used:
D:1:      minmay_arrival_three_doors
D:2:      uniq_sigmund, uniq_iyjb
D:3:      first_bread
D:4:      enter_ossuary_3
D:5:      lemuel_zombie_altar_kikubaaqudgha, hangedman_minor_gate_pass
D:6:      nicolae_overflow_crystal_walls, nicolae_overflow_hidden_temple,
          uniq_duvessa, uniq_menkaure
D:7:      temple_hall, okawaru_trees_1
D:8:      nicolae_gozag_zags_fifth_avenue, special_room
D:9:      dpeg_lair_monsters, serial_shops, shop
Temple:   minmay_temple_forest_path_12
Ossuary:  ossuary_minmay_tomb_2a

Action                   |  1- 3 |  4- 6 |  7- 9 | 10-12 || total
-------------------------+-------+-------+-------+-------++-------
Melee: Long sword        |    81 |   172 |   570 |   323 ||  1146
  Use: Potion            |     1 |     3 |     7 |     4 ||    15
       Scroll            |       |     7 |     9 |     3 ||    19
  Eat: Chunk             |       |     5 |    16 |     4 ||    25
       Beef jerky        |       |       |     1 |     1 ||     2
       Bread ration      |       |       |     1 |       ||     1
       Royal jelly       |       |       |       |     1 ||     1
